 Dungeon Crawl Stone Soup version 0.28-a0-1199-gef9e1dbd39 (webtiles) character file.

Game seed: 8633392840538025643

1234 ChaosChampion the Insei (level 8, -4/62 HPs)
             Began as a Green Draconian Transmuter on Dec 19, 2021.
             Was a Follower of Okawaru.
             Slain by a gargoyle (22 damage)
             ... on level 6 of the Dungeon.
             The game lasted 00:11:27 (6827 turns).

ChaosChampion the Insei (DrTm)                      Turns: 6827, Time: 00:11:27

Health: -4/62      AC:  6    Str: 12    XL:     8   Next: 24%
Magic:  8/12       EV: 15    Int: 16    God:    Okawaru [*.....]
Gold:   173        SH:  0    Dex: 12    Spells: 6/12 levels left

rFire   . . .      SeeInvis .     - Unarmed
rCold   . . .      Faith    .   (no shield)
rNeg    . . .      Spirit   .   (armour unavailable)
rPois   +          Reflect  .   (helmet currently unavailable)
rElec   .          Harm     .   (no cloak)
rCorr   .          Rampage  .   (no gloves)
Will    +....                   (boots currently unavailable)
Stlth   +++.......              l - amulet of the acrobat
HPRegen 0.20/turn               j - ring of willpower
MPRegen 0.13/turn               (no ring)

@: short of breath, appendages, heroic, wereblooded
A: horns 2, talons 2, breathe noxious fumes, AC +6, unfitting armour, poison
resistance, cold-blooded
a: Breathe Noxious Fumes, End Transformation, Renounce Religion, Heroism


You were on level 6 of the Dungeon.
You worshipped Okawaru.
Okawaru was aware of your devotion.
You had temporarily grown beastly horns and talons.
You visited 2 branches of the dungeon, and saw 7 of its levels.

You collected 173 gold pieces.

Inventory:

Missiles
 a - 2 silver boomerangs
Jewellery
 b - an amulet of faith
 h - a ring of magical power
 j - a ring of willpower (left hand)
 l - an amulet of the acrobat (around neck)
 r - a +4 ring of evasion
Wands
 n - a wand of paralysis (5)
 o - a wand of iceblast (13)
Scrolls
 d - a scroll of immolation {unknown}
 f - a scroll of teleportation
 k - 2 scrolls of fog
 v - a scroll of fear {unknown}
Potions
 c - a potion of lignification
 e - a potion of heal wounds {unknown}
 i - a potion of berserk rage
 p - a potion of brilliance
 q - a potion of attraction {unknown}
 s - a potion of ambrosia {unknown}
 t - 2 potions of curing
 u - a potion of haste {unknown}
 w - a potion of mutation {unknown}


   Skills:
 + Level 2.7(7.7) Fighting
 + Level 2.8(7.8) Dodging
 + Level 7.3(12.3) Unarmed Combat
 + Level 2.9 Spellcasting
 + Level 5.3 Transmutations
 + Level 2.7 Poison Magic
 + Level 1.7 Invocations


You had 6 spell levels left.
You knew the following spells:

 Your Spells              Type           Power      Damage    Failure   Level
a - Beastly Appendage     Tmut           38%        N/A       2%          1
b - Wereblood             Tmut           19%        N/A       3%          2
c - Spider Form           Tmut/Pois      15%        N/A       11%         3

Your spell library contained the following spells:

 Spells                   Type           Power      Damage    Failure   Level
 Pain                     Necr           8%         1d4       19%         1
 Vampiric Draining        Necr           2%         2d6       50%         3
 Ice Form                 Ice/Tmut       10%        N/A       54%         4
 Animate Skeleton         Necr           Unusable   N/A       N/A         1

Dungeon Overview and Level Annotations

Branches:
Dungeon (6/15)             Temple (1/1) D:5

Altars:
Ashenzari
Cheibriados
Dithmenos
Elyvilon
Fedhas
Gozag
Hepliaklqana
Kikubaaqudgha
Makhleb
Nemelex Xobeh
Okawaru
Qazlal
Ru
Trog
Uskayaw
Vehumet
Wu Jian
Xom
Yredelemnul
Zin
The Shining One


Innate Abilities, Weirdness & Mutations

You have temporarily grown beastly horns and talons.
You can breathe blasts of noxious fumes.
Your lurid green scales are hard. (AC +6)
You cannot fit into any form of body armour.
Your system is resistant to poisons. (rPois)
You are cold-blooded and may be slowed by cold attacks.


Message History

There is a stone staircase leading up here.
A gargoyle comes into view. It is wielding a +0 mace.
Found a scroll of identify.
A gargoyle is nearby!
A gargoyle is nearby!
There is a stone staircase leading up here.
Casting: Beastly Appendage (safe; 2% risk of failure)
Confirm with . or Enter, or press ? or * to list all spells.
You grow a pair of large bovine horns.
Your feet morph into talons.
Casting: Beastly Appendage (safe; 2% risk of failure)
Confirm with . or Enter, or press ? or * to list all spells.
Your blood is infused with primal strength.
The gargoyle hurls a stone arrow at you.
The stone arrow misses you.
There is a stone staircase leading up here.
You hit the gargoyle but do no damage.
You claw the gargoyle, but do no damage.
You headbutt the gargoyle, but do no damage.
You tail-slap the gargoyle, but do no damage.
You hit the gargoyle but do no damage. The gargoyle hits you with a +0 mace!
You hit the gargoyle but do no damage. The gargoyle hits you with a +0 mace.
You hit the gargoyle but do no damage. The gargoyle hits you with a +0 mace!
You hit the gargoyle but do no damage.
The gargoyle hurls a stone arrow at you.
The stone arrow hits you!!
* * * LOW HITPOINT WARNING * * *
You barely miss the gargoyle. You claw the gargoyle.
Your punch misses the gargoyle.
The gargoyle is lightly damaged.
The gargoyle barely misses you.
You gain the combat prowess of a mighty hero.
The gargoyle barely misses you.
Aiming: Breathe Noxious Fumes (4% risk of failure)
Press: ? - help, Q - select action, (/) - cycle Shift-Dir - straight line, f - gargoyle
Aim: a gargoyle, wielding a +0 mace (lightly damaged)
You exhale a blast of noxious fumes.
The blast of choking fumes hits the gargoyle but does no damage.
The gargoyle is lightly damaged.
The gargoyle hits you with a +0 mace!!
You die...

### #..
.. #.# .#
#.# .#
#.# .#
#.# .#
#.# .#
#@###.#
#.9...#
####..#
#?....#
#.##.....
...
#...##
... #..#
#.## #...
#. #..#


You could see a gargoyle.

Vanquished Creatures
  Eustachio (D:4)
  Menkaure (D:4)
  Edmund (D:4)
  A hornet zombie (D:5)
  An ogre (D:5)
  A phantom (D:5)
  A scorpion (D:5)
  A water moccasin skeleton (D:4)
  A water moccasin zombie (D:5)
  A crimson imp (D:5)
  A bullfrog zombie (D:5)
  A hound (D:4)
  A jelly (D:4)
  Ijyb (D:4)
  2 orc wizards (D:5)
  2 hound skeletons
  Robin (D:4)
  4 adders
  4 gnolls (D:4)
  2 adder skeletons
  3 dart slugs
  6 orcs
  10 endoplasms
  5 giant cockroaches
  13 goblins
  14 hobgoblins
  8 jackals
  5 quokkas
  5 ball pythons
  5 bats
  3 frilled lizards
  6 kobolds
  6 rats
118 creatures vanquished.

Notes
Turn   | Place    | Note
-------+----------+-------------------------------------------
     0 | D:1      | ChaosChampion the Draconian Transmuter began the quest for
                  | the Orb.
     0 | D:1      | Reached XP level 1. HP: 16/16 MP: 3/3
   182 | D:1      | Reached XP level 2. HP: 23/23 MP: 3/5
   374 | D:1      | Learned a level 2 spell: Wereblood
   535 | D:1      | Reached XP level 3. HP: 28/28 MP: 4/6
   636 | D:1      | Reached skill level 4 in Unarmed Combat
  1573 | D:3      | Reached XP level 4. HP: 34/35 MP: 7/7
  1953 | D:3      | Found a faded altar of an unknown god.
  2161 | D:4      | Noticed Ijyb
  2190 | D:4      | Killed Ijyb
  2460 | D:4      | Noticed Edmund
  2475 | D:4      | Killed Edmund
  2476 | D:4      | Reached skill level 5 in Unarmed Combat
  2476 | D:4      | Reached XP level 5. HP: 40/40 MP: 6/8
  2505 | D:4      | Noticed Robin
  2762 | D:4      | Killed Robin
  2831 | D:4      | Noticed Menkaure
  2848 | D:4      | Killed Menkaure
  2849 | D:4      | Reached skill level 6 in Unarmed Combat
  2849 | D:4      | Reached XP level 6. HP: 44/47 MP: 6/9
  2850 | D:4      | Noticed Eustachio
  3405 | D:4      | Killed Eustachio
  3406 | D:4      | Your scales start taking on a lurid green colour.
  3406 | D:4      | Reached XP level 7. HP: 31/52 MP: 8/10
  3406 | D:4      | Gained mutation: Your system is resistant to poisons.
                  | (rPois) [Green Draconian growth]
  3410 | D:4      | Learned a level 3 spell: Spider Form
  3786 | D:4      | Found a shadowy altar of Dithmenos.
  3933 | D:4      | Reached skill level 1 in Poison Magic
  4505 | D:5      | Entered Level 5 of the Dungeon
  4539 | D:5      | Reached skill level 7 in Unarmed Combat
  4913 | D:5      | Reached skill level 5 in Transmutations
  4916 | D:5      | Found a staircase to the Ecumenical Temple.
  4925 | Temple   | Entered the Ecumenical Temple
  5266 | Temple   | Became a worshipper of Warmaster Okawaru
  5885 | D:5      | Reached skill level 1 in Invocations
  5982 | D:5      | Reached XP level 8. HP: 39/62 MP: 2/12
  6003 | D:5      | Reached * piety under Okawaru
  6485 | D:5      | Found a shimmering altar of Xom.
  6525 | D:5      | Found a burning altar of Makhleb.
  6812 | D:6      | Noticed a gargoyle
  6827 | D:6      | Slain by a gargoyle

Illustrated notes

Levels and vault maps discovered:
D:1:      wander_arrival_fairy_ring, layout_loops_ring
D:2:      layout_rooms, skrybe_limestone_x
D:3:      layout_loops_cross, shapermc_ecumenical_altar_ellora,
          minmay_misc_feat_nine_boxes
D:4:      layout_basic, nicolae_dithmenos_the_darkroom, uniq_menkaure,
          uniq_eustachio, uniq_robin, uniq_edmund, uniq_ijyb
D:5:      layout_layer_cave, grunt_temple_overflow_champion_of_chaos,
          minmay_temple_entry_wispy
D:6:      layout_loops_ring, roderic_serpentine_path, minivault_26,
          minmay_tree_intersection
Temple:   hc_temple_tempest_star

Skill      XL: |  1  2  3  4  5  6  7 |
---------------+----------------------+-----
Unarmed Combat | 4 5 6 7 |  7.3
Transmutations | 3 4 5 |  5.3
Dodging        | 2 |  2.8
Poison Magic   | 2 |  2.7
Fighting       | 2 |  2.7
Invocations    | 1 |  1.7
Spellcasting   | |  2.9

Action                   |  1- 3 |  4- 6 |  7- 9 || total
-------------------------+-------+-------+-------++-------
Melee: Unarmed           |   143 |   161 |   149 ||   453
       Kick              |    14 |    23 |    21 ||    58
       Headbutt          |    10 |    11 |    11 ||    32
       Tailslap          |    13 |    13 |    10 ||    36
       Punch             |     2 |     4 |     3 ||     9
Throw: Boomerang         |       |    13 |       ||    13
 Cast: Beastly Appendage |    25 |    14 |    21 ||    60
       Wereblood         |     3 |     7 |    10 ||    20
       Spider Form       |       |       |     3 ||     3
Invok: Heroism           |       |       |     1 ||     1
 Abil: Breathe Noxious F |       |       |     8 ||     8
Evoke: Wand              |       |     5 |       ||     5
  Use: Scroll            |       |       |     9 ||     9
 Stab: Paralysed         |       |    15 |       ||    15
       Sleeping          |       |     1 |       ||     1
Armor: Skin              |    65 |    31 |    39 ||   135
Dodge: Dodged            |   110 |    95 |    84 ||   289

Table legend: (Time is in decaauts)
 A = Elapsed time spent in this place.
 B = Non-inter-level travel time spent in this place.
 C = Inter-level travel time spent in this place.
 D = Time resting spent in this place.
 E = Time spent auto-exploring this place.
 F = Levels seen in this place.
 G = Mean time per level.
                   A        B        C        D        E       F      G
               +--------+--------+--------+--------+--------+-----+--------+
         Total |   6836 |   6756 |     80 |   1689 |   3780 |   7 |  976.6 |
       Dungeon |   6431 |   6351 |     80 |   1689 |   3501 |   6 | 1071.8 |
        Temple |    405 |    405 |      0 |      0 |    279 |   1 |  405.0 |
               +--------+--------+--------+--------+--------+-----+--------+

Top non-repeatable levels by time:
     D:4: 1736 daAuts
     D:3: 1673 daAuts
     D:5: 1588 daAuts
     D:1: 857 daAuts
     D:2: 556 daAuts
  Temple: 405 daAuts
     D:6: 18 daAuts
